 Dungeon Crawl Stone Soup version 0.26-a0-708-g17f3b19 (webtiles) character file.

Game seed: 2325372143702637266

440 BarneyGumball the Covert (level 6, -11/28 HPs)
             Began as a Felid Fighter on Oct 27, 2020.
             Was an Initiate of Cheibriados.
             Killed from afar by a gargoyle (16 damage)
             ... with a stone arrow
             ... on level 8 of the Dungeon.
             The game lasted 00:29:48 (6270 turns).

BarneyGumball the Covert (Felid Fighter)            Turns: 6270, Time: 00:29:48

Health: -11/28     AC:  2    Str: 13    XL:     6   Next: 70%
Magic:  26/26      EV: 22    Int: 10    God:    Cheibriados [......]
Gold:   276        SH:  0    Dex: 19    Spells: 5/5 levels left
                                        Lives:  0   Deaths: 2

rFire    . . .     SeeInvis +     - Unarmed
rCold    . . .     Faith    .   (shield unavailable)
rNeg     . . .     Spirit   .   (armour unavailable)
rPois    .         Reflect  .   (helmet unavailable)
rElec    .         Harm     .   (cloak unavailable)
rCorr    .         Rampage  .   (gloves unavailable)
MR       .....                  (boots unavailable)
Stlth    +++++.....             (no amulet)
HPRegen  0.09/turn              e - ring of magical power
MPRegen  0.20/turn              n - ring of magical power

@: slow
A: very small, no armour, no weapons or thrown items, stealth, claws 1, fangs 3,
see invisible, speed 1, shaggy fur 2, sharp paws
a: Bend Time, Renounce Religion


You were on level 8 of the Dungeon.
You worshipped Cheibriados.
Cheibriados was noncommittal.
You visited 2 branches of the dungeon, and saw 9 of its levels.

You collected 276 gold pieces.

Inventory:

Jewellery
 c - a +4 ring of evasion {unknown}
 e - a ring of magical power (left paw)
 n - a ring of magical power (right paw)
Wands
 a - a wand of digging (1)
 f - a wand of iceblast (2)
Scrolls
 b - 7 scrolls of identify
 j - 2 scrolls of fog {unknown}
 m - 2 scrolls of remove curse {unknown}
 o - a scroll of enchant armour {unknown}
 p - a scroll of teleportation {unknown}
 q - 3 scrolls of enchant weapon {unknown}
Potions
 d - a potion of lignification {unknown}
 g - a potion of heal wounds {unknown}
 h - 2 potions of flight
 i - a potion of haste {unknown}
 l - a potion of resistance
 r - 2 potions of curing {unknown}


   Skills:
 - Level 3.0 Fighting
 + Level 6.3 Dodging
 * Level 11.3 Stealth
 + Level 7.0 Unarmed Combat
 + Level 2.2 Invocations


You had 5 spell levels left.
You didn't know any spells.
Your spell library contained the following spells:

 Spells                   Type           Power        Failure   Level
 Magic Dart               Conj           #...         36%         1
 Blink                    Tloc           N/A          50%         2
 Call Imp                 Summ           #.......     50%         2
 Slow                     Hex            #.......     50%         2
 Conjure Flame            Conj/Fire      #.......     75%         3
 Mephitic Cloud           Conj/Pois/Air  #.......     75%         3


Dungeon Overview and Level Annotations

Branches:
Dungeon (8/15)             Temple (1/1) D:7
   Lair: D:8-11

Altars:
Ashenzari
Cheibriados
Dithmenos
Elyvilon
Gozag
Hepliaklqana
Kikubaaqudgha
Makhleb
Nemelex Xobeh
Okawaru
Qazlal
Ru
Sif Muna
Trog
Vehumet
Wu Jian
Xom
Yredelemnul
Zin
The Shining One

Annotations:
D:2 exclusion: door, Sigmund
D:8 1 runed translucent door


Innate Abilities, Weirdness & Mutations

You cannot wear armour.
You are incapable of wielding weapons or throwing items.
Your paws allow you to move quietly. (Stealth)
You have sharp claws.
You have razor-sharp teeth.
You have supernaturally acute eyesight. (SInv)
You cover ground quickly.
You are covered in thick fur. (AC +2)
Your sharp claws are effective at attacking unaware monsters.


Message History

The iguana is severely wounded.
You scratch the iguana. Your bite misses the iguana.
The iguana is almost dead.
The iguana completely misses you.
You scratch the iguana but do no damage.
The iguana is almost dead.
The iguana bites you!
You die...
You are now level 6!
You rejoin the land of the living...
Found 4 boomerangs.
A gargoyle comes into view.
It is wielding a +1 dire flail of venom.
The gargoyle hurls a stone arrow at you.
The stone arrow hits you!!
Ouch! That really hurt!
* * * LOW HITPOINT WARNING * * *
The gargoyle hurls a stone arrow at you.
The stone arrow hits you!
Ouch! That really hurt!
You die...

### ## ##.# #.#
##..##
#.###....##
##........#
#.....#(..##
##....##.#.## .
#.......##.## ...
#.#.9@...##..#..#
# #.####..#....#
#. #........#
.....###.......
###.## #....## #.
#..## ..# ..# ..


You could see a gargoyle.

Vanquished Creatures
  Prince Ribbit (D:7)
  A basilisk (D:8)
  Duvessa (D:7)
  A sky beast (D:5)
  2 centaurs (D:5)
  2 bullfrogs (D:7)
  A scorpion (D:5)
  Dowan (D:7)
  4 wights
  A bullfrog zombie (D:8)
  A quasit (D:8)
  3 orc priests
  2 jellies
  2 centaur skeletons
  2 orc wizards (D:7)
  A hound skeleton (D:4)
  4 gnolls (D:8)
  8 adders
  An adder zombie (D:7)
  2 worms (D:2)
  3 dart slugs
  6 leopard geckos
  9 orcs
  2 ball pythons
  4 giant cockroaches
  3 hobgoblins
  8 jackals
  2 quokkas
  5 bats
  3 frilled lizards
  9 goblins
  4 kobolds
  3 rats
102 creatures vanquished.

Vanquished Creatures (others)
  A plant (D:8)
1 creature vanquished.

Grand Total: 103 creatures vanquished

Notes
Turn   | Place    | Note
-------+----------+-------------------------------------------
     0 | D:1      | BarneyGumball the Felid Fighter began the quest for the
                  | Orb.
     0 | D:1      | Reached XP level 1. HP: 10/10 MP: 2/2
    80 | D:1      | Reached skill level 1 in Stealth
   409 | D:1      | Reached skill level 2 in Stealth
   409 | D:1      | Reached XP level 2. HP: 14/14 MP: 3/3
  1045 | D:2      | Reached skill level 3 in Stealth
  1119 | D:2      | Reached XP level 3. HP: 17/17 MP: 4/4
  1168 | D:2      | Noticed Sigmund
  1413 | D:3      | Reached skill level 4 in Stealth
  1547 | D:3      | Found a broken altar of Ashenzari.
  1656 | D:2      | Found a basalt altar of Yredelemnul.
  1697 | D:2      | Reached XP level 4. HP: 21/21 MP: 5/5
  1936 | D:4      | Found a shimmering altar of Xom.
  1937 | D:4      | Found a shimmering altar of Xom.
  2003 | D:4      | Found a shimmering altar of Xom.
  2005 | D:4      | Found a shimmering altar of Xom.
  2006 | D:4      | Found a shimmering altar of Xom.
  2006 | D:4      | Found a shimmering altar of Xom.
  2035 | D:4      | Reached skill level 5 in Stealth
  2311 | D:5      | Entered Level 5 of the Dungeon
  2342 | D:5      | Noticed a centaur
  2344 | D:5      | Killed a centaur
  2344 | D:5      | Reached skill level 6 in Stealth
  2344 | D:5      | Reached skill level 5 in Unarmed Combat
  2344 | D:5      | Reached XP level 5. HP: 24/24 MP: 6/6
  2390 | D:5      | Noticed a sky beast
  2397 | D:5      | Killed a sky beast
  2397 | D:5      | Reached skill level 7 in Stealth
  2397 | D:5      | Gained mutation: You are covered in thick fur. (AC +2)
                  | [Felid growth]
  2397 | D:5      | Reached XP level 6. HP: 28/28 MP: 7/7
  2470 | D:5      | Noticed a sky beast
  2479 | D:5      | Reached skill level 8 in Stealth
  3284 | D:7      | Reached XP level 7. HP: 31/31 MP: 8/8
  3533 | D:7      | Found a sparkling altar of Nemelex Xobeh.
  3689 | D:7      | Noticed Prince Ribbit
  3689 | D:7      | Noticed Dowan
  3867 | D:7      | Killed Dowan
  4016 | D:7      | Noticed Duvessa
  4049 | D:7      | Killed Duvessa
  4049 | D:7      | Reached skill level 9 in Stealth
  4077 | D:7      | Found an ancient bone altar of Kikubaaqudgha.
  4137 | D:7      | Found a staircase to the Ecumenical Temple.
  4154 | Temple   | Entered the Ecumenical Temple
  4388 | Temple   | Became a worshipper of Cheibriados the Contemplative
  4487 | D:8      | Found a runed translucent door.
  4487 | D:8      | Noticed a human
  4502 | D:7      | Killed Prince Ribbit
  4502 | D:7      | Reached skill level 5 in Dodging
  4502 | D:7      | Reached skill level 10 in Stealth
  4502 | D:7      | Reached XP level 8. HP: 34/34 MP: 9/9
  5273 | D:8      | Found a basalt altar of Yredelemnul.
  5286 | D:7      | Reached skill level 1 in Invocations
  5576 | D:8      | Noticed an elephant
  5897 | D:6      | Found a shadowy altar of Dithmenos.
  6042 | D:8      | Reached skill level 11 in Stealth
  6049 | D:8      | Slain by a water moccasin
  6050 | D:8      | Reached XP level 7. HP: -1/31 MP: 26/27
  6258 | D:8      | Slain by an iguana
  6259 | D:8      | Reached XP level 6. HP: -3/28 MP: 26/26
  6264 | D:8      | Noticed a gargoyle
  6270 | D:8      | Killed from afar by a gargoyle

Illustrated notes

Levels and vault maps discovered:
D:1:      kilobyte_arrival_exit_the_forest, layout_loops_ring
D:2:      layout_loops_corners, yredelemnul_forgotten_temple_becter,
          uniq_sigmund
D:3:      layout_basic, ashenzari_conservatory_becter, fedhas_altar_2,
          minivault_19
D:4:      layout_gridville, xom_redecorated
D:5:      layout_basic
D:6:      layout_basic, nicolae_overflow_hidden_temple
D:7:      layout_basic, kiku_gazebo_pond_becter, nemelex_altar_shiori,
          minmay_temple_entry_offerings, kennysheep_generic_room_4,
          uniq_prince_ribbit1, uniq_duvessa
D:8:      layout_layer_cave, david_lair_generic, gammafunk_ghost_cemetery,
          basic_altar, dk_yredelemnul_ordeal
Temple:   regret_index_temple_waves

Skill      XL: |  1  2  3  4  5  6  7  8 |
---------------+-------------------------+-----
Stealth        | 2 3 4 6 7 8 10 11 | 11.3
Unarmed Combat | 5 7 |  7.0
Dodging        | 5 6 |  6.3
Invocations    | 2 |  2.2
Fighting       | |  3.0

Action                   |  1- 3 |  4- 6 |  7- 9 || total
-------------------------+-------+-------+-------++-------
Melee: Unarmed           |    74 |    60 |   161 ||   295
       Bite              |     7 |     6 |    20 ||    33
       Punch             |       |     2 |     5 ||     7
Invok: Bend Time         |       |       |     6 ||     6
Evoke: Wand              |       |     7 |    13 ||    20
  Use: Scroll            |       |     6 |     1 ||     7
       Potion            |       |       |     2 ||     2
 Stab: Sleeping          |    13 |    10 |     2 ||    25
Armor: Skin              |     4 |       |     9 ||    13
Dodge: Dodged            |    52 |    34 |   145 ||   231

Table legend: (Time is in decaauts)
 A = Elapsed time spent in this place.
 B = Non-inter-level travel time spent in this place.
 C = Inter-level travel time spent in this place.
 D = Time resting spent in this place.
 E = Time spent auto-exploring this place.
 F = Levels seen in this place.
 G = Mean time per level.
                   A        B        C        D        E       F      G
               +--------+--------+--------+--------+--------+-----+--------+
         Total |   5672 |   5121 |    551 |   1471 |   1835 |   9 |  630.2 |
       Dungeon |   5412 |   5002 |    410 |   1471 |   1725 |   8 |  676.5 |
        Temple |    259 |    119 |    140 |      0 |    110 |   1 |  259.0 |
               +--------+--------+--------+--------+--------+-----+--------+

Top non-repeatable levels by time:
     D:7: 1803 daAuts
     D:4: 863 daAuts
     D:1: 692 daAuts
     D:2: 653 daAuts
     D:8: 519 daAuts
     D:6: 344 daAuts
     D:3: 286 daAuts
  Temple: 259 daAuts
     D:5: 249 daAuts
